 Dungeon Crawl Stone Soup version 0.27.1 (webtiles) character file.

Game seed: 7375334817136832168

361 mediusvir the Chopper (level 6, 0/56 HPs)
             Began as a Minotaur Berserker on Sept 2, 2021.
             Was a Priest of Trog.
             Slain by a lemure (6 damage)
             ... led by Pikel
             ... on level 4 of the Dungeon.
             The game lasted 00:10:00 (3311 turns).

mediusvir the Chopper (Minotaur Berserker)          Turns: 3311, Time: 00:10:01

Health: 0/56       AC:  5    Str: 23    XL:     6   Next: 38%
Magic:  5/5        EV: 12    Int:  4    God:    Trog [***...]
Gold:   145        SH:  0    Dex: 10    Spells: 5/5 levels left

rFire    . . .     SeeInvis +   a - +0 hand axe
rCold    . . .     Faith    +   (no shield)
rNeg     . . .     Spirit   .   g - +0 ring mail
rPois    .         Reflect  .   (helmet restricted)
rElec    .         Harm     .   (no cloak)
rCorr    .         Rampage  .   (no gloves)
Will     ++...                  (no boots)
Stlth    +.........             d - amulet of faith
HPRegen  1.18/turn              l - ring of see invisible
MPRegen  0.09/turn              (no ring)

@: strong-willed, on berserk cooldown, regenerating, slowed, very slow
A: horns 2, retaliatory headbutt
a: Renounce Religion, Berserk, Trog's Hand


You were on level 4 of the Dungeon.
You worshipped Trog.
Trog was most pleased with you.
You visited 1 branch of the dungeon, and saw 4 of its levels.

You collected 145 gold pieces.

Inventory:

Hand Weapons
 a - a +0 hand axe (weapon)
Armour
 b - a +0 animal skin
 g - a +0 ring mail (worn)
Jewellery
 d - an amulet of faith (around neck)
 l - a ring of see invisible (left hand)
Wands
 p - a wand of charming (10)
Scrolls
 e - a scroll of silence
 j - 2 scrolls of identify
 k - a scroll of noise
 m - 2 scrolls of fog {unknown}
Potions
 c - a potion of curing
 f - a potion of attraction {unknown}
 h - a potion of flight
 i - a potion of degeneration {unknown}
 n - 2 potions of haste {unknown}
 o - a potion of cancellation {unknown}


   Skills:
 + Level 5.2 Fighting
 + Level 6.1 Axes
 + Level 4.0 Armour
 + Level 3.8 Dodging
 + Level 0.6 Stealth


You had 5 spell levels left.
You didn't know any spells.
Your spell library was empty.

Dungeon Overview and Level Annotations

Branches:
Dungeon (4/15)
 Temple: D:4-7

Altars:
Ashenzari
Okawaru
Qazlal
Vehumet
Yredelemnul

Annotations:
D:4 Pikel


Innate Abilities, Weirdness & Mutations

You have a pair of horns on your head.
You reflexively headbutt those who attack you in melee.


Message History

An adder comes into view. 2 lemures come into view.
The lemure shouts!
The adder hisses angrily.
The lemure barely misses you. You furiously retaliate!
You headbutt the lemure.
The lemure moves out of view.
An adder comes into view.
You miss the adder.
The adder hisses angrily.
The adder bites you but does no damage.
A scorpion comes into view.
You hit the adder.
The adder is lightly wounded.
You barely miss Pikel. The adder closely misses you.
Pikel hits you with a +1 whip of flaming!
Pikel burns you. The adder bites you but does no damage.
Pikel completely misses you. The lemure barely misses you.
You closely miss the adder. You hit the lemure. You hit Pikel.
You barely miss the lemure. The adder barely misses you. The lemure hits you.
The adder barely misses you.
Pikel hits you with a +1 whip of flaming.
Pikel burns you. The lemure barely misses you. x2
Okay, then.
Your skin crawls.
You feel strong-willed. The adder barely misses you. You furiously retaliate!
You headbutt the adder!
You kill the adder!
Trog accepts your kill. The lemure hits you but does no damage.
Pikel hits you with a +1 whip of flaming!
Pikel burns you. The lemure hits you!
* * * LOW HITPOINT WARNING * * *
The lemure barely misses you. You furiously retaliate!
You headbutt the lemure. The lemure barely misses you. You furiously retaliate!
You headbutt the lemure. The lemure closely misses you.
Pikel hits you with a +1 whip of flaming.
* * * LOW HITPOINT WARNING * * *
Pikel burns you.
* * * LOW HITPOINT WARNING * * *
The lemure hits you.
You die...

..####### ####.
.......#..##.....
................
...5...........
......)).......
#. #. #)?#
##..##s###..####
.....S555......#
......>@K......#
..>.....5......#
...............#
##...######...##
#... #...## #..
+....# #.. #....#
#.. #....#
###.######


You could see Pikel, 4 lemures, a scorpion and an adder.

Vanquished Creatures
  A hound (D:4)
  2 iguanas (D:3)
  2 orc wizards
  8 gnolls
  7 adders
  4 worms
  3 dart slugs
  9 orcs
  6 bats
  2 endoplasms (D:1)
  2 giant cockroaches
  4 goblins
  8 hobgoblins
  5 jackals
  4 quokkas
  5 ball pythons
  2 frilled lizards
  6 kobolds
  4 rats
84 creatures vanquished.

Vanquished Creatures (others)
  3 fungi (D:1)
  7 plants (D:1)
10 creatures vanquished.

Grand Total: 94 creatures vanquished

Notes
Turn   | Place    | Note
-------+----------+-------------------------------------------
     0 | D:1      | mediusvir the Minotaur Berserker began the quest for the
                  | Orb.
     0 | D:1      | Reached XP level 1. HP: 19/19 MP: 0/0
   247 | D:1      | Reached skill level 4 in Axes
   247 | D:1      | Reached XP level 2. HP: 22/27 MP: 1/1
   550 | D:1      | Found a faded altar of an unknown god.
   840 | D:1      | Reached ** piety under Trog
   917 | D:2      | Reached XP level 3. HP: 16/33 MP: 2/2
  1826 | D:2      | Reached skill level 5 in Axes
  1826 | D:2      | Reached XP level 4. HP: 27/41 MP: 3/3
  1945 | D:3      | Found a radiant altar of Vehumet.
  2071 | D:3      | Reached XP level 5. HP: 39/47 MP: 4/4
  2236 | D:3      | Found a glowing drain.
  2367 | D:3      | Reached *** piety under Trog
  2383 | D:3      | Found a basalt altar of Yredelemnul.
  2383 | D:3      | Found a stormy altar of Qazlal.
  2395 | D:3      | Reached skill level 5 in Fighting
  3055 | D:4      | Reached XP level 6. HP: 56/56 MP: 5/5
  3107 | D:4      | Found a broken altar of Ashenzari.
  3197 | D:4      | Found an iron altar of Okawaru.
  3296 | D:4      | Reached skill level 6 in Axes
  3299 | D:4      | Noticed Pikel
  3311 | D:4      | Slain by a lemure

Illustrated notes

Levels and vault maps discovered:
D:1:      mrwooster_arrival_statue_3, layout_loops_ring,
          shapermc_ecumenical_altar_mp_urbaneastern, kennysheep_boxes
D:2:      layout_basic, hex_large
D:3:      layout_rooms, jmf_multi_god_temple, mainiacjoe_overflow_cross_hatched,
          cheibrodos_sewer_entry_bend
D:4:      layout_gridville, mainiacjoe_overflow_chevrons,
          mainiacjoe_overflow_24_doors, nicolae_tso_carved_into_rock,
          old_standard_altar, minmay_temple_entry_sparse_star,
          item_on_display_a, uniq_pikel, uniq_ijyb

Skill      XL: |  1  2  3  4  5  6 |
---------------+-------------------+-----
Axes           | 4 5 6 |  6.1
Fighting       | 4 5 |  5.2
Dodging        | 3 |  3.8
Armour         | 3 4 |  4.0
Stealth        | |  0.6

Action                   |  1- 3 |  4- 6 || total
-------------------------+-------+-------++-------
Melee: Hand axe          |    78 |    95 ||   173
       Headbutt          |     6 |    18 ||    24
Invok: Berserk           |     1 |     4 ||     5
       Trog's Hand       |       |     2 ||     2
  Use: Scroll            |     1 |     1 ||     2
       Potion            |       |     2 ||     2
Armor: Animal skin       |    15 |       ||    15
       Ring mail         |    18 |    27 ||    45
Dodge: Dodged            |    68 |    87 ||   155
